Map: 锈化山巅-天梯版

Players

Cyan

  • Race: Protoss Protoss

JieShi - Winner!

  • Race: Protoss Protoss
  • League: Master

Event: DreamHack SC2 Masters 2021 Summer

VOD

Have the link to the VOD?

Description

Time

  • Played on: May 27, 2021, 8:53 a.m.
  • Length: 14:20

All games in this series

Show
View Real Time Build Order
Export as new Build Order

Cyan Protoss 

Build Orders: Blink Stalkers, Zealot Archon 

Get SALT Encoding   

  12  0:00  Probe  
  13  0:12  Probe  
  14  0:17  Pylon  
  14  0:24  Probe (Chrono Boost)  
  15  0:36  Probe (Chrono Boost)  
  15  0:37  Gateway  
  16  0:45  Probe (Chrono Boost)  
  16  0:47  Assimilator  
  17  0:51  Probe  
  18  1:03  Probe (Chrono Boost)  
  19  1:09  Assimilator  
  19  1:15  Probe (Chrono Boost)  
  19  1:17  Pylon  
  20  1:20  Probe (Chrono Boost)  
  21  1:29  Probe  
  21  1:30  Cybernetics Core  
  22  1:35  Zealot  
  24  1:41  Probe  
  25  1:53  Probe  
  26  2:06  Nexus  
  26  2:09  Sentry (Chrono Boost)  
  26  2:13  Warp Gate  
  26  2:14  Probe  
  29  2:20  Pylon  
  29  2:26  Probe  
  30  2:37  Stalker (Chrono Boost)  
  30  2:41  Gateway  
  32  2:49  Shield Battery  
  32  2:52  Probe  
  33  3:04  Probe  
  34  3:08  Twilight Council  
  35  3:20  Probe (Chrono Boost), Shield Battery  
  35  3:21  Probe (Chrono Boost)  
  36  3:29  Probe (Chrono Boost)  
  36  3:31  Probe (Chrono Boost)  
  36  3:33  Gateway  
  38  3:36  Probe (Chrono Boost)  
  38  3:39  Blink (Chrono Boost)  
  38  3:41  Probe (Chrono Boost)  
  41  3:50  Probe (Chrono Boost)  
  41  3:51  Probe (Chrono Boost)  
  42  3:55  Probe (Chrono Boost)  
  42  3:58  Probe  
  42  4:01  Stalker  
  46  4:07  Probe  
  47  4:10  Probe  
  48  4:19  Probe  
  49  4:24  Probe  
  49  4:25  Nexus  
  49  4:27  Pylon  
  50  4:31  Stalker  
  50  4:32  Stalker  
  50  4:35  Probe  
  50  4:36  Assimilator  
  54  4:39  Pylon  
  54  4:41  Assimilator  
  54  4:45  Probe  
  55  4:47  Probe  
  55  4:52  Forge  
  56  4:55  Stalker  
  56  4:57  Probe  
  56  4:58  Pylon  
  56  4:59  Probe, Stalker  
  62  5:06  Gateway  
  62  5:09  Probe  
  62  5:11  Probe  
  64  5:16  Robotics Facility  
  64  5:19  Protoss Ground Weapons Level 1 (Chrono Boost), Sentry, Charge  
  64  5:21  Probe  
  65  5:23  Probe, Stalker  
  68  5:34  Pylon  
  68  5:35  Probe  
  69  5:39  Probe  
  69  5:40  Probe  
  71  5:44  Stalker  
  71  5:47  Probe  
  71  5:49  Pylon  
  74  5:51  Probe  
  74  5:52  Stalker  
  77  5:57  Probe  
  77  5:59  Probe  
  77  6:03  Probe  
  77  6:06  Stalker  
  77  6:09  Probe  
  77  6:12  Probe  
  77  6:14  Observer  
  77  6:15  Gateway  
  77  6:16  Probe, Gateway  
  80  6:19  Shield Battery  
  80  6:21  Probe  
  80  6:24  Probe, Gateway  
  82  6:27  Templar Archives  
  82  6:28  Probe  
  83  6:33  Probe  
  83  6:36  Gateway  
  85  6:40  Observer  
  85  6:41  Probe, Gateway  
  85  6:42  Probe  
  87  6:49  Gateway  
  87  6:50  Probe, Gateway  
  87  6:52  Zealot  
  90  6:54  Stalker  
  90  6:58  Pylon  
  90  7:00  Probe  
  93  7:04  Gateway  
  93  7:05  Probe  
  93  7:08  Assimilator  
  94  7:12  Assimilator  
  94  7:13  Observer, High Templar  
  94  7:14  High Templar x2  
  94  7:15  Probe x2  
  103  7:16  Protoss Ground Weapons Level 2 (Chrono Boost), Pylon  
  103  7:18  Archon  
  103  7:19  High Templar  
  105  7:25  Photon Cannon  
  105  7:28  Pylon  
  105  7:30  Archon  
  105  7:34  Zealot x2  
  105  7:36  Warp Prism  
  111  7:49  Probe  
  111  7:50  Observer, High Templar x2  
  116  7:55  Archon  
  116  7:56  Nexus  
  116  7:58  Zealot x2, Pylon  
  116  8:03  Photon Cannon  
  119  8:07  Pylon  
  119  8:13  High Templar x2  
  119  8:16  Shield Battery  
  119  8:17  Archon, Shield Battery  
  119  8:19  Pylon  
  123  8:23  High Templar x2, Zealot x3  
  123  8:24  Zealot  
  135  8:31  Archon  
  135  8:37  Photon Cannon  
  135  8:38  Photon Cannon  
  135  8:40  Shield Battery  
  133  8:45  High Templar  
  133  8:46  High Templar, Zealot x4  
  143  8:50  Archon  
  143  8:59  Shield Battery  
  143  9:00  High Templar x2  
  147  9:04  Archon, Zealot  
  147  9:05  Warp Prism, Zealot  
  147  9:06  Zealot x2  
  156  9:17  Gateway  
  156  9:19  Gateway  
  152  9:24  Zealot  
  152  9:25  Zealot x3  
  152  9:29  Zealot  
  150  9:39  Zealot x2  
  150  9:40  Zealot  
  150  9:44  Zealot x3  
  150  9:45  Zealot x4, Protoss Ground Weapons Level 3 (Chrono Boost)  
  124  9:51  High Templar x3  
  120  9:55  High Templar  
  122  10:00  Archon x2  
  122  10:06  Sentry  
  124  10:07  Zealot x6  
  136  10:17  Probe x3  
  139  10:22  High Templar  
  139  10:25  Zealot x4  
  149  10:32  Zealot x4  
  149  10:34  High Templar  
  159  10:38  Zealot x3  
  159  10:40  Archon  
  165  10:48  Zealot  
  167  10:50  High Templar x2  
  167  10:56  Archon  
  171  10:58  Pylon  
  171  10:59  Pylon  
  171  11:01  Pylon  
  169  11:07  High Templar  
  169  11:08  High Templar  
  169  11:09  High Templar x2  
  169  11:10  Zealot  
  171  11:12  Archon  
  171  11:13  Archon  
  171  11:16  Assimilator  
  171  11:17  Zealot x2  
  171  11:18  Zealot x4, Assimilator  
  183  11:24  Zealot  
  183  11:25  Zealot  
  187  11:27  Dark Shrine  
  185  11:40  High Templar x2, Zealot x3  
  185  11:44  Archon, Pylon x2  
  185  11:47  Nexus  
  193  12:03  High Templar x2, Zealot  
  193  12:07  Archon  
  197  12:15  Zealot x7  
  162  12:16  Zealot x3  
  154  12:24  Zealot  
  154  12:29  Observer  
  114  12:35  Zealot x3  
  114  12:36  Zealot x5  
  116  12:39  Zealot  
  116  12:40  Zealot  
  94  12:48  High Templar x2  
  84  12:52  High Templar  
  84  12:55  High Templar  
  84  12:56  High Templar x3  
  84  12:57  Archon  
  84  12:58  High Templar  
  96  12:59  Archon  
  96  13:00  Archon, Zealot x3  
  96  13:02  Archon, Zealot  
  104  13:06  Zealot  
  106  13:18  Zealot x2  
  101  13:22  High Templar  
  101  13:23  High Templar, Zealot x3  
  101  13:28  Archon  
  101  13:30  High Templar x2, Zealot  
  107  13:34  Archon  
  107  13:43  Zealot x3  
  107  13:47  Zealot  
  109  13:53  Dark Templar  
  101  13:55  Dark Templar  
  101  13:59  Dark Templar  
  81  14:03  Dark Templar  
Show
View Real Time Build Order
Export as new Build Order

JieShi Protoss - Winner!

Build Orders: Phoenix Opening, Archon Immortal 

Get SALT Encoding   

  12  0:00  Probe  
  13  0:12  Probe  
  14  0:18  Pylon  
  14  0:25  Probe (Chrono Boost)  
  15  0:37  Probe (Chrono Boost)  
  15  0:38  Gateway  
  16  0:45  Probe (Chrono Boost)  
  16  0:48  Assimilator  
  17  0:51  Probe  
  18  1:03  Probe (Chrono Boost)  
  19  1:04  Assimilator  
  19  1:07  Pylon  
  19  1:12  Probe (Chrono Boost)  
  19  1:17  Probe (Chrono Boost)  
  21  1:29  Probe  
  21  1:32  Cybernetics Core  
  22  1:33  Zealot  
  24  1:41  Probe  
  25  1:53  Probe  
  26  2:07  Adept (Chrono Boost)  
  26  2:12  Nexus  
  26  2:15  Warp Gate  
  28  2:19  Probe  
  29  2:24  Pylon  
  29  2:31  Probe  
  30  2:38  Stargate  
  30  2:43  Sentry  
  30  2:44  Probe  
  33  2:56  Probe  
  34  3:08  Probe  
  34  3:21  Phoenix  
  34  3:24  Probe x2 (Chrono Boost)  
  38  3:28  Gateway  
  38  3:33  Probe (Chrono Boost)  
  40  3:35  Probe (Chrono Boost)  
  40  3:38  Probe (Chrono Boost)  
  41  3:44  Probe  
  41  3:46  Phoenix  
  41  3:47  Shield Battery  
  44  3:50  Probe  
  44  3:52  Robotics Facility  
  45  3:56  Probe  
  46  4:02  Probe  
  46  4:07  Pylon  
  46  4:08  Probe  
  48  4:11  Phoenix (Chrono Boost)  
  48  4:15  Probe  
  51  4:20  Probe  
  51  4:21  Forge  
  52  4:27  Probe  
  53  4:33  Phoenix (Chrono Boost)  
  53  4:35  Nexus  
  55  4:39  Probe  
  55  4:41  Probe  
  55  4:43  Observer (Chrono Boost)  
  58  4:50  Pylon  
  58  4:51  Assimilator  
  58  4:54  Pylon  
  58  4:56  Immortal (Chrono Boost)  
  62  5:02  Assimilator  
  62  5:03  Protoss Ground Weapons Level 1  
  62  5:08  Probe x2  
  64  5:20  Probe  
  65  5:26  Observer, Gateway  
  65  5:28  Gateway, Shield Battery  
  65  5:29  Zealot, Shield Battery  
  65  5:31  Twilight Council  
  65  5:32  Probe  
  68  5:36  Immortal (Chrono Boost)  
  72  5:47  Probe (Chrono Boost)  
  72  5:48  Probe (Chrono Boost)  
  72  5:49  Probe (Chrono Boost)  
  78  5:57  Probe (Chrono Boost)  
  78  5:59  Probe (Chrono Boost)  
  78  6:00  Probe (Chrono Boost)  
  78  6:02  Probe (Chrono Boost)  
  77  6:09  Probe x2  
  79  6:12  Charge (Chrono Boost)  
  79  6:14  Probe, Immortal (Chrono Boost)  
  82  6:20  Gateway  
  82  6:21  Probe x2, Gateway  
  84  6:26  Probe  
  84  6:30  Gateway  
  85  6:33  Probe x2, Gateway  
  85  6:35  Assimilator  
  85  6:36  Zealot  
  85  6:38  Probe  
  85  6:39  Assimilator  
  90  6:43  Templar Archives  
  90  6:44  Pylon  
  90  6:45  Probe  
  90  6:46  Pylon  
  91  6:47  Pylon  
  91  6:58  Probe x2  
  91  6:59  Immortal (Chrono Boost)  
  91  7:00  Pylon  
  93  7:04  Pylon  
  93  7:06  Zealot x2  
  101  7:11  Probe, Protoss Ground Weapons Level 2 (Chrono Boost)  
  102  7:21  Pylon  
  102  7:22  High Templar x2, Zealot x2  
  108  7:27  Archon  
  108  7:28  Zealot x2, High Templar x2, Warp Prism (Chrono Boost)  
  118  7:33  Archon  
  120  7:38  Photon Cannon  
  120  7:40  Photon Cannon  
  120  7:42  Shield Battery  
  120  7:47  Pylon  
  120  7:49  Photon Cannon  
  120  7:57  Observer, Immortal  
  122  8:03  High Templar x2, Zealot  
  122  8:04  Zealot x3  
  132  8:11  Archon  
  132  8:15  Pylon  
  132  8:18  Nexus  
  131  8:32  Zealot x2  
  131  8:33  Zealot x4  
  142  8:37  Observer (Chrono Boost)  
  139  8:52  Probe  
  139  8:55  Immortal (Chrono Boost)  
  144  9:00  High Templar x2  
  144  9:01  High Templar x2  
  152  9:04  Photon Cannon, Shield Battery  
  152  9:05  Zealot x2  
  152  9:06  Archon  
  152  9:07  Archon  
  156  9:15  Probe  
  157  9:29  Probe x2  
  157  9:30  Zealot x4  
  167  9:33  Protoss Ground Weapons Level 3 (Chrono Boost)  
  155  9:38  Zealot x3  
  155  9:39  Zealot  
  139  9:49  Probe x2  
  139  9:50  Probe  
  130  9:56  High Templar x4  
  138  10:00  Gateway x2, Archon  
  138  10:01  Archon, High Templar x2  
  138  10:02  Zealot x2  
  138  10:04  Photon Cannon  
  138  10:06  Immortal (Chrono Boost)  
  146  10:13  Probe  
  151  10:17  Assimilator  
  151  10:18  Archon, Pylon  
  151  10:20  Assimilator  
  151  10:25  Probe  
  152  10:29  Photon Cannon, Shield Battery  
  152  10:34  Warp Prism (Chrono Boost)  
  150  10:37  High Templar x2  
  150  10:38  High Templar x2, Zealot x3  
  150  10:39  Zealot  
  168  10:43  Archon x2  
  168  10:55  Zealot x2  
  172  10:58  Shield Battery  
  172  11:04  Observer (Chrono Boost)  
  173  11:10  High Templar x3  
  179  11:15  Archon, Pylon  
  179  11:16  Pylon  
  179  11:18  Pylon  
  179  11:27  Photon Cannon, Pylon  
  179  11:34  Gateway  
  179  11:37  Gateway, High Templar  
  179  11:38  High Templar x2  
  185  11:40  High Templar x2  
  185  11:41  Nexus, Zealot x2  
  185  11:42  Archon  
  185  11:43  Archon, Zealot x3  
  185  11:44  Pylon  
  199  11:47  Archon  
  199  11:58  Protoss Shields Level 1 (Chrono Boost)  
  184  12:16  Zealot x2  
  184  12:17  Zealot x6  
  184  12:20  Immortal (Chrono Boost)  
  184  12:21  Zealot x2  
  133  12:41  Zealot x2  
  133  12:42  Zealot x4  
  133  12:43  Zealot x5  
  133  12:44  Zealot  
  131  12:54  Immortal (Chrono Boost)  
  135  12:58  Gateway  
  135  13:02  High Templar x4  
  135  13:03  High Templar x2  
  135  13:04  High Templar  
  135  13:05  High Templar x3, Zealot  
  155  13:06  Zealot  
  155  13:07  Archon x3  
  155  13:09  Archon x2  
  155  13:11  Nexus  
  157  13:21  Pylon  
  157  13:22  Observer  
  157  13:23  Pylon  
  157  13:24  Pylon  
  158  13:29  Oracle (Chrono Boost)  
  158  13:30  Zealot x2  
  164  13:41  Zealot x5  
  168  13:42  Zealot x4  
  168  13:43  Immortal (Chrono Boost)  
  168  13:45  Zealot  
  178  14:00  Zealot x2  
  178  14:01  Zealot x5  
  178  14:02  Zealot  
  184  14:06  Zealot x2  
  184  14:07  Zealot x3  
Tags
 
Add a new tag
Caveats
  • Supply blocks, unpowered buildings, or Contaminate may cause inaccurate times.
  • Supply counts are checked every 10 seconds.